 Dungeon Crawl Stone Soup version 0.21-a0-216-g6d3fd91 (webtiles) character file.

1680 tehllama the Insei (level 9, -8/53 HPs)
             Began as an Octopode Transmuter on Aug 23, 2017.
             Was a Priest of Cheibriados.
             Mangled by a centaur
             ... wielding a +0 dagger
              (10 damage)
             ... on level 5 of the Dungeon.
             The game lasted 00:18:07 (5884 turns).

tehllama the Insei (Octopode Transmuter)            Turns: 5884, Time: 00:18:08

Health: -8/53      AC:  1    Str: 22    XL:     9   Next: 2%
Magic:  12/12      EV: 16    Int: 22    God:    Cheibriados [***...]
Gold:   217        SH:  0    Dex: 20    Spells: 2/12 levels left

rFire    . . .     SeeInvis .     - Unarmed
rCold    . . .     Gourm    .   (no shield)
rNeg     . . .     Faith    .   (helmet restricted)
rPois    .         Spirit   .   (no amulet)
rElec    .         Reflect  .   i - ring of protection from magic
rCorr    .         Harm     .   m - +3 ring of strength
MR       +....                  (no ring)
Stlth    +++++.....             (no ring)
HPRegen  0.17/turn              (no ring)
MPRegen  0.13/turn              (no ring)
                                (no ring)
                                (no ring)

@: very slightly contaminated, very slow
A: almost no armour, stealthy swim, amphibious, 8 rings, constrict 8, camouflage
1, gelatinous body 1
a: Bend Time, Temporal Distortion, Renounce Religion


You were on level 5 of the Dungeon.
You worshipped Cheibriados.
Cheibriados was most pleased with you.
You were not hungry.

You visited 1 branch of the dungeon, and saw 5 of its levels.

You collected 217 gold pieces.

Inventory:

Missiles
 a - 28 arrows
Armour
 k - a cursed +1 buckler
Jewellery
 i - a ring of protection from magic (left tentacle)
 m - a +3 ring of strength (right tentacle)
Scrolls
 d - a scroll of random uselessness
 f - a scroll of enchant armour
 p - a scroll of remove curse
 s - a scroll of immolation
Potions
 n - a potion of resistance
 q - 3 potions of brilliance
Books
 b - a book of Changes

   Spells                             Type                      Level
   a - Beastly Appendage              Transmutation                1
   b - Sticks to Snakes               Transmutation                2
   c - Spider Form                    Transmutation/Poison         3
   d - Ice Form                       Ice/Transmutation            4
   e - Blade Hands                    Transmutation                5
 w - a book of Conjurations

   Spells                             Type                      Level
   a - Magic Dart                     Conjuration                  1
   b - Searing Ray                    Conjuration                  2
   c - Dazzling Spray                 Conjuration/Hexes            3
   d - Fulminant Prism                Conjuration/Hexes            4
   e - Force Lance                    Conjuration/Translocation    4
   f - Iskenderun's Mystic Blast      Conjuration                  4
Comestibles
 c - 6 bread rations
 g - 2 chunks of flesh
 l - a meat ration


   Skills:
 - Level 1.0 Fighting
 + Level 4.0 Dodging
 + Level 6.7 Stealth
 + Level 2.8 Shields
 * Level 6.8 Unarmed Combat
 - Level 2.0 Spellcasting
 * Level 4.9 Transmutations
 + Level 2.8 Poison Magic
 + Level 3.3 Invocations


You had 2 spell levels left.
You knew the following spells:

 Your Spells              Type           Power        Failure   Level  Hunger
a - Beastly Appendage     Tmut           ###...       1%          1    #......
b - Sticks to Snakes      Tmut           ###.....     2%          2    ##.....
c - Spider Form           Tmut/Pois      ###.......   9%          3    ###....
d - Ice Form              Ice/Tmut       ##......     45%         4    #####..


Dungeon Overview and Level Annotations

Branches:
Dungeon (5/15)
 Temple: D:4-7

Altars:
Cheibriados
Elyvilon
Okawaru
Qazlal
Vehumet
Wu Jian
Zin


Innate Abilities, Weirdness & Mutations

You cannot wear most types of armour.
You are very stealthy in the water. (Stealth+)
You are amphibious.
You can wear up to eight rings at the same time.
You can use your tentacles to constrict eight enemies at once.
Your skin changes colour to match your surroundings (Stealth+).
Your rubbery body absorbs attacks. (AC +1, EV +1)


Message History

The centaur shouts!
The centaur unwields an uncursed dagger.
The centaur wields a shortbow.
The centaur shoots an arrow.
The arrow hits you!
* * * LOW HITPOINT WARNING * * *
As you read the scroll of fear, it crumbles to dust.
You assume a fearsome visage.
The centaur looks frightened!
You start resting.
Magic restored.
Your ball python withers and dies!
You start resting.
The centaur shoots an arrow.
The arrow hits you!
* * * LOW HITPOINT WARNING * * *
Blink to where?
Press: ? - help, Dir - move target cursor You are very lightly contaminated with residual magic.
As you read the scroll of blinking, it crumbles to dust.
The centaur unwields an uncursed shortbow.
The centaur wields an uncursed dagger.
The centaur hits you with an uncursed dagger!
You die...

#...$..######.# #..#
##....))#...)..###..# #
#.....).).).........####
#......).).)............
#!......#.....#.###.####
##...(..#....###....#
##...#)#####.#)########
##?##c######...)......
#.######...@.....).#########
#.....ยง..(..########
#############


You could see a centaur.

Vanquished Creatures
  A hippogriff (D:5)
  Sigmund (D:5)
  Duvessa (D:5)
  An ogre (D:4)
  A phantom (D:4)
  The ghost of narcow the Chopper, an amateur HOFi (D:3)
  A centaur (D:4)
  A scorpion (D:5)
  Dowan (D:5)
  A howler monkey (D:5)
  A hound (D:4)
  An orc priest (D:5)
  4 orc wizards
  A bullfrog skeleton (D:4)
  Jessica (D:3)
  Terence (D:2)
  5 worker ants (D:4)
  5 adders
  A shadow imp (D:5)
  3 worms
  4 dart slugs
  3 leopard geckos
  12 orcs
  2 giant cockroaches
  18 goblins
  10 hobgoblins
  10 jackals
  12 kobolds
  3 quokkas
  3 ball pythons
  10 bats
  5 frilled lizards
  A jackal zombie (D:5)
  6 rats
132 creatures vanquished.

Vanquished Creatures (collateral kills)
  Edmund (D:5)
  An ogre (D:5)
  A howler monkey (D:5)
  2 orc wizards (D:5)
  2 orcs (D:5)
  A frilled lizard (D:5)
8 creatures vanquished.

Vanquished Creatures (others)
  2 minotaurs (D:1)
  3 octopodes (D:1)
  2 draconians (D:1)
  3 vine stalkers (D:1)
  2 formicids (D:1)
  A centaur (D:1)
  A mummy (D:1)
  An orc (D:1)
  5 tentacles (D:1)
20 creatures vanquished.

Grand Total: 160 creatures vanquished

Notes
Turn   | Place    | Note
-------+----------+-------------------------------------------
     0 | D:1      | tehllama the Octopode Transmuter began the quest for the Orb.
     0 | D:1      | Reached XP level 1. HP: 13/13 MP: 3/3
     3 | D:1      | Noticed an octopode
     3 | D:1      | Noticed a minotaur
     3 | D:1      | Noticed a formicid
     3 | D:1      | Noticed a vine stalker
     3 | D:1      | Noticed an octopode
     3 | D:1      | Noticed a minotaur
     3 | D:1      | Noticed a draconian
     3 | D:1      | Noticed a vine stalker
     3 | D:1      | Noticed a kraken
     3 | D:1      | Noticed a draconian
     3 | D:1      | Noticed an octopode
     3 | D:1      | Noticed a formicid
     3 | D:1      | Noticed a centaur
     3 | D:1      | Noticed a vine stalker
     3 | D:1      | Killed a vine stalker
     5 | D:1      | Killed an octopode
     6 | D:1      | Killed an octopode
     6 | D:1      | Killed a formicid
     8 | D:1      | Killed a vine stalker
     8 | D:1      | Killed a formicid
    11 | D:1      | Killed a minotaur
    11 | D:1      | Killed an octopode
    13 | D:1      | Killed a centaur
    13 | D:1      | Killed a vine stalker
    13 | D:1      | Killed a draconian
    14 | D:1      | Killed a minotaur
    15 | D:1      | Killed a draconian
   190 | D:1      | Reached XP level 2. HP: 17/18 MP: 5/5
   716 | D:1      | Reached XP level 3. HP: 23/23 MP: 6/6
  1223 | D:2      | Reached skill level 1 in Stealth
  1463 | D:2      | Found a glowing silver altar of Zin.
  1464 | D:2      | Found a snail-covered altar of Cheibriados.
  1466 | D:2      | Found an ornate altar of the Wu Jian Council.
  1466 | D:2      | Found a white marble altar of Elyvilon.
  1468 | D:2      | Found a stormy altar of Qazlal.
  1474 | D:2      | Reached XP level 4. HP: 24/28 MP: 7/7
  1477 | D:2      | Found a radiant altar of Vehumet.
  1481 | D:2      | Became a worshipper of Cheibriados the Contemplative
  1532 | D:2      | Noticed Terence
  1537 | D:2      | Found an iron altar of Okawaru.
  1558 | D:2      | Killed Terence
  1772 | D:2      | Learned a level 2 spell: Sticks to Snakes
  1776 | D:2      | Learned a level 3 spell: Spider Form
  2110 | D:2      | Reached XP level 5. HP: 27/33 MP: 8/8
  2600 | D:3      | Reached * piety under Cheibriados
  2643 | D:3      | Noticed Jessica
  2647 | D:3      | Killed Jessica
  2647 | D:3      | Reached skill level 5 in Unarmed Combat
  2728 | D:3      | Noticed narcow's ghost (amateur HOFi)
  2733 | D:3      | Killed narcow's ghost
  2733 | D:3      | Reached skill level 5 in Stealth
  2733 | D:3      | Reached XP level 6. HP: 20/38 MP: 5/9
  3215 | D:3      | Reached ** piety under Cheibriados
  3328 | D:4      | Noticed a phantom
  3343 | D:4      | Killed a phantom
  3401 | D:4      | Reached skill level 1 in Shields
  3401 | D:4      | Reached XP level 7. HP: 23/43 MP: 7/10
  3587 | D:4      | Reached skill level 1 in Invocations
  3668 | D:4      | Reached skill level 1 in Poison Magic
  4828 | D:5      | Entered Level 5 of the Dungeon
  4877 | D:5      | Reached XP level 8. HP: 48/48 MP: 8/11
  4949 | D:5      | HP: 1/48 [orc/short sword (3)]
  4966 | D:5      | Reached *** piety under Cheibriados
  4976 | D:5      | Noticed Edmund
  5246 | D:5      | Noticed Sigmund
  5247 | D:5      | Noticed a hippogriff
  5256 | D:5      | Killed a hippogriff
  5269 | D:5      | Killed Sigmund
  5524 | D:5      | Noticed Dowan
  5525 | D:5      | Noticed Duvessa
  5558 | D:5      | Killed Dowan
  5560 | D:5      | Killed Duvessa
  5691 | D:5      | Learned a level 4 spell: Ice Form
  5718 | D:5      | Killed Edmund
  5729 | D:5      | Reached XP level 9. HP: 6/53 MP: 6/12
  5883 | D:5      | HP: 2/53 [centaur/arrow (16)]
  5884 | D:5      | Mangled by a centaur

Vault maps used:
D:1:      nicolae_arrival_kraken_aquarium_b, minmay_bisected
D:2:      grunt_temple_overflow_open, okawaru_ov_weapons_minmay, first_bread,
          uniq_terence
D:3:      grunt_ministairs_11, corexii_corridor_pit, corexii_corridor_pit,
          minmay_goblin_outpost, uniq_jessica
D:5:      grunt_gozag_statues, lemuel_coloured_pillars_altar, uniq_duvessa,
          uniq_sigmund, uniq_edmund

Skill      XL: |  1  2  3  4  5  6  7  8 |
---------------+-------------------------+-----
Unarmed Combat | 4 5 6 |  6.8
Stealth        | 1 3 5 6 |  6.7
Shields        | 1 2 |  2.8
Invocations    | 2 3 |  3.3
Poison Magic   | 1 2 |  2.8
Transmutations | 3 4 |  4.9
Dodging        | 3 4 |  4.0
Fighting       | |  1.0
Spellcasting   | |  2.0

Action                   |  1- 3 |  4- 6 |  7- 9 || total
-------------------------+-------+-------+-------++-------
Melee: Unarmed           |   105 |   124 |   131 ||   360
       Constrict         |    31 |    27 |    13 ||    71
       Tentacles         |    20 |    20 |    12 ||    52
       Kick              |     2 |    11 |     7 ||    20
       Punch             |     1 |     3 |     4 ||     8
 Cast: Beastly Appendage |     2 |     3 |     5 ||    10
       Spider Form       |       |     6 |     9 ||    15
       Sticks to Snakes  |       |     3 |    14 ||    17
  Use: Potion            |       |     2 |     3 ||     5
       Scroll            |       |     4 |    12 ||    16
 Stab: Sleeping          |     2 |     5 |     8 ||    15
       Distracted        |       |       |     1 ||     1
  Eat: Chunk             |     2 |     6 |     3 ||    11
       Royal jelly       |       |       |     1 ||     1
       Fruit             |       |       |     1 ||     1
Armor: Skin              |    13 |    10 |     7 ||    30
Dodge: Dodged            |    85 |    97 |   147 ||   329

Table legend:
 A = Spawn XP
 B = Non-spawn XP
 C = Spawn XP percentage of total XP
 D = Spawn monster count
 E = Non-spawn monster count
 F = Spawn count percentage of total count
 G = Total turns spent on level
                    A         B        C        D         E        F      G
               +---------+---------+-------+---------+---------+-------+---------
         Total |     272 |    2128 |  11.3 |      25 |     115 |  17.9 |  5884
               +---------+---------+-------+---------+---------+-------+---------
           D:1 |       3 |      45 |   6.2 |       3 |      25 |  10.7 |  1082
           D:2 |      22 |     116 |  15.9 |       6 |      25 |  19.4 |  1422
           D:3 |      16 |     222 |   6.7 |       7 |      26 |  21.2 |   817
           D:4 |      78 |     645 |  10.8 |       2 |      23 |   8.0 |  1507
           D:5 |     153 |    1100 |  12.2 |       7 |      16 |  30.4 |  1056
               +---------+---------+-------+---------+---------+-------+---------
